 Dungeon Crawl Stone Soup version 0.20.0-1-g1cb1d84 (webtiles) character file.

994 straycat the Sneak (level 7, -4/55 HPs)
             Began as a Vampire Wanderer on May 26, 2017.
             Was an Initiate of Sif Muna.
             Killed from afar by an orc wizard (12 damage)
             ... with a puff of flame
             ... on level 5 of the Dungeon.
             The game lasted 01:04:10 (14684 turns).

straycat the Sneak (Vampire Wanderer)              Turns: 14684, Time: 01:04:11

Health: -4/55      AC:  0    Str: 11 (12) XL:     7   Next: 99%
Magic:  7/7        EV: 24    Int: 12 (13) God:    Sif Muna [......]
Gold:   294        SH:  0    Dex: 20 (21) Spells: 6/6 levels left

rFire    . . .     SeeInvis +     - Unarmed
rCold    + + .     Gourm    .   (shield currently unavailable)
rNeg     + + +     Faith    .   (armour currently unavailable)
rPois    ∞         Spirit   .   (helmet currently unavailable)
rElec    .         Reflect  .   (cloak currently unavailable)
rCorr    .         Harm     .   (gloves currently unavailable)
MR       .....                  (boots currently unavailable)
Stlth    ++++++....             (no amulet)
Regen    0.0/turn               (ring currently unavailable)
MPRegen  0.1/turn               (ring currently unavailable)

@: bat-form, flying, bloodless, non-regenerating, very quick
A: fangs 3, see invisible
a: End Transformation, Renounce Religion


You were on level 5 of the Dungeon.
You worshipped Sif Muna.
Sif Muna was noncommittal.
You were bloodless.
You were in vampire-bat-form.
You visited 1 branch of the dungeon, and saw 5 of its levels.

You collected 294 gold pieces.

Inventory:

Hand Weapons
 a - a +2 dagger
 u - a +1 short sword of speed (melded)
 w - a +0 whip of electrocution
 z - a +0 long sword
 C - a +0 halberd
 E - a cursed -1 mace
 K - a +0 shortbow
Missiles
 o - 100 stones
 x - 10 tomahawks (quivered)
 A - 44 bolts
 G - 37 poisoned needles
 L - 68 arrows
Armour
 g - a +0 cloak
 r - a scarf of spirit shield (melded)
 D - a +2 leather armour of cold resistance (melded)
 F - a +0 ring mail
 H - a +0 chain mail
Jewellery
 m - a ring of resist corrosion (melded)
 q - a ring of stealth (melded)
 y - an uncursed ring of wizardry
Scrolls
 b - 4 scrolls of fear
 j - a scroll of teleportation
 l - 2 scrolls of immolation
 n - a scroll of amnesia
 p - a scroll of blinking
 t - 3 scrolls of magic mapping
 B - 4 scrolls of remove curse
Potions
 c - 3 potions of lignification
 d - 2 potions of curing
 e - a potion of might
 f - 13 potions of blood
 h - a potion of ambrosia
 i - a potion of resistance {unknown}
 k - 3 potions of heal wounds
 s - a potion of mutation {unknown}
 v - a potion of cancellation


   Skills:
 + Level 4.6 Fighting
 * Level 3.1 Short Blades
 * Level 5.5 Dodging
 - Level 7.2 Stealth
   Level 1.0 Shields
 + Level 5.7 Unarmed Combat


You had 6 spell levels left.
You didn't know any spells.

Dungeon Overview and Level Annotations

Branches:
Dungeon (5/15)             Temple (0/1) D:4

Altars:
Cheibriados
Gozag
Sif Muna
Trog
Vehumet

Shops:
D:4 *


Innate Abilities, Weirdness & Mutations

You do not heal naturally.
You are immune to poison.
You have razor-sharp teeth.
You have supernaturally acute eyesight. (SInv)
((You can survive without breathing.))


Message History

You hit the orc wizard.
The orc wizard is severely wounded.
The orc misses you. x2
The orc wizard hits you with a dagger of venom.
An orc comes into view.
You hit the orc wizard.
The orc wizard is almost dead.
The orc misses you. The orc hits you with a short sword.
The orc wizard completely misses you.
You barely miss the orc wizard.
The orc wizard is almost dead.
The orc completely misses you. The orc hits you with a short sword.
The orc wizard gestures at you while chanting.
The puff of flame hits you!
* * * LOW HITPOINT WARNING * * *
The orc wizard gestures wildly while chanting.
The orc wizard flickers and vanishes for a moment.
The orc wizard casts a spell at you. The puff of flame hits you!
You die...

#####..##...##..###.##..####
#....'##'##....#.).....#
#....#...).....#.......#
##....#.........#.......#
#.....####.####.###....##
#####'#############....##
#.....................#
#.....................#
#.........b..oo.......#
#.............o.o.....#
#######.##.##)########.##'####
##..#..#.##.##.########'##....#
#........#.....#.............##
#........#.....#.............#
#........#.....'...##...#########
#........#....[#.%.##...##..##..#
########.########..##...........#


You could see an orc wizard (invisible) and 3 orcs.

Vanquished Creatures
  A phantom (D:4)
  A centaur (D:3)
  A crimson imp (D:5)
  5 hounds
  An orc priest (D:5)
  10 worker ants
  An iguana (D:4)
  2 orc wizards (D:3)
  4 gnolls (D:4)
  A howler monkey skeleton (D:5)
  10 adders
  2 oozes
  5 worms
  4 dart slugs
  5 leopard geckos
  11 orcs
  5 giant cockroaches
  13 goblins
  13 hobgoblins
  8 jackals (D:4)
  A quokka (D:2)
  10 bats
  5 frilled lizards
  10 kobolds
  11 rats
  8 fungi (D:3)
148 creatures vanquished.

Notes
Turn   | Place    | Note
-------+----------+-------------------------------------------
     0 | D:1      | straycat the Vampire Wanderer began the quest for the Orb.
     0 | D:1      | straycat set off with: a +2 dagger, a scroll of fear, a potion of lignification, a potion of curing, a +0 robe, a potion of blood
     0 | D:1      | Reached XP level 1. HP: 16/16 MP: 1/1
   932 | D:1      | Reached skill level 1 in Unarmed Combat
   932 | D:1      | Reached XP level 2. HP: 15/22 MP: 2/2
  1966 | D:1      | Reached XP level 3. HP: 28/28 MP: 3/3
  4251 | D:2      | Reached XP level 4. HP: 14/34 MP: 4/4
  6568 | D:2      | Found an opulent altar of Gozag.
  6568 | D:2      | Found a deep blue altar of Sif Muna.
  6586 | D:2      | Became a worshipper of Sif Muna the Loreminder
  8382 | D:2      | Reached XP level 5. HP: 28/41 MP: 3/5
 10956 | D:3      | Reached XP level 6. HP: 34/47 MP: 6/6
 12176 | D:4      | Reached skill level 5 in Unarmed Combat
 12686 | D:4      | Reached XP level 7. HP: 53/54 MP: 7/7
 12772 | D:4      | Reached skill level 1 in Short Blades
 12780 | D:4      | Found Desouw's General Store.
 12785 | D:4      | Found a staircase to the Ecumenical Temple.
 13341 | D:4      | Found a bloodstained altar of Trog.
 13812 | D:5      | Entered Level 5 of the Dungeon
 13989 | D:5      | Found a radiant altar of Vehumet.
 14093 | D:5      | Reached skill level 5 in Dodging
 14384 | D:5      | Found a snail-covered altar of Cheibriados.
 14684 | D:5      | Killed from afar by an orc wizard

Skill      XL: |  1  2  3  4  5  6  7 |
---------------+----------------------+-----
Fighting       | 2 3 4 |  4.6
Unarmed Combat | 1 2 3 4 5 |  5.7
Dodging        | 3 4 5 |  5.5
Short Blades   | 3 |  3.1
Stealth        | |  7.2
Shields        | |  1.0

Action                   |  1- 3 |  4- 6 |  7- 9 || total
-------------------------+-------+-------+-------++-------
Melee: Unarmed           |   273 |   502 |    14 ||   789
       Bite              |    18 |    91 |    24 ||   133
       Punch             |     1 |     3 |     5 ||     9
       Short sword       |       |    34 |   179 ||   213
Throw: Stone             |    10 |     6 |       ||    16
       Tomahawk          |       |     6 |     4 ||    10
 Abil: Bat Form          |     1 |     1 |     1 ||     3
       End Transformatio |       |     2 |       ||     2
  Use: Potion            |     5 |    17 |     2 ||    24
       Scroll            |       |    10 |       ||    10
 Stab: Sleeping          |     6 |     8 |    11 ||    25
       Distracted        |     1 |     3 |       ||     4
  Eat: Corpse            |     1 |     2 |       ||     3
Armor: Robe              |    38 |     6 |       ||    44
       Leather armour    |       |    19 |    16 ||    35
Dodge: Dodged            |   199 |   273 |   104 ||   576
